Map: Lerilakgipfel

Players

KaIiEskrima - Winner!

  • Race: Terran Terran
  • League: Bronze

SirJames

  • Race: Terran Terran
  • League: Bronze

VOD

Have the link to the VOD?

Description

Time

  • Played on: Feb. 14, 2016, 5:22 a.m.
  • Length: 31:09
Show
View Real Time Build Order
Export as new Build Order

KaIiEskrima Terran - Winner!

Build Orders:  

Get SALT Encoding   

  12  0:02  SCV  
  13  0:14  SCV  
  14  0:25  Supply Depot  
  14  0:27  SCV  
  15  0:34  Supply Depot  
  15  0:47  SCV  
  15  0:49  Barracks  
  16  0:59  SCV  
  16  1:00  Refinery  
  17  1:10  Refinery  
  17  1:11  SCV  
  18  1:23  SCV  
  19  1:35  SCV  
  20  1:43  Marine  
  21  1:48  SCV  
  21  1:52  Engineering Bay  
  22  2:00  SCV  
  23  2:01  Marine  
  23  2:05  Factory  
  24  2:12  SCV  
  24  2:19  Marine  
  25  2:29  SCV  
  26  2:37  Marine  
  26  2:41  Supply Depot  
  27  2:47  Missile Turret  
  27  2:52  Factory Tech Lab  
  27  3:00  Starport  
  27  3:03  SCV  
  28  3:09  Missile Turret  
  28  3:15  SCV  
  28  3:18  Siege Tank  
  32  3:22  Marine  
  33  3:27  SCV  
  34  3:37  Supply Depot  
  34  3:39  SCV  
  35  3:43  Starport Tech Lab  
  35  3:53  Missile Turret  
  36  3:58  Orbital Command  
  35  4:30  Siege Tank  
  38  4:33  Marine  
  38  4:34  Missile Turret  
  39  4:51  Marine  
  40  4:55  Ghost Academy  
  40  5:00  Missile Turret  
  40  5:02  Siege Tank  
  43  5:09  Marine  
  44  5:23  Missile Turret  
  44  5:27  Marine  
  44  5:34  Siege Tank  
  47  5:44  Missile Turret  
  47  5:50  Supply Depot  
  47  5:55  Armory  
  47  6:11  Marine  
  47  6:12  Missile Turret  
  47  6:13  Siege Tank  
  51  6:25  Supply Depot  
  51  6:29  Marine  
  52  6:35  Command Center  
  52  6:44  Fusion Core  
  52  6:45  Siege Tank  
  52  6:46  SCV  
  52  6:47  Marine, Supply Depot  
  56  6:52  Missile Turret  
  57  7:04  Marine  
  57  7:07  Terran Ship Weapons Level 1  
  58  7:10  Supply Depot  
  58  7:13  Missile Turret  
  58  7:17  Siege Tank  
  61  7:23  Marine  
  62  7:41  Marine  
  62  7:44  Missile Turret  
  63  7:54  Missile Turret  
  63  7:57  Battlecruiser  
  69  8:01  Refinery  
  69  8:46  Siege Tank  
  66  8:57  Missile Turret  
  66  9:01  Missile Turret  
  65  9:17  Missile Turret  
  65  9:18  Siege Tank  
  65  9:23  Battlecruiser, Missile Turret  
  74  9:45  Missile Turret  
  70  9:53  Siege Tank  
  73  10:06  Missile Turret  
  73  10:16  Explosive Shrapnel Shells, Missile Turret  
  73  10:28  Missile Turret  
  73  10:30  Siege Tank  
  76  10:47  Missile Turret  
  76  10:48  Refinery  
  76  11:05  SCV  
  76  11:08  SCV  
  78  11:17  SCV  
  79  11:19  Supply Depot  
  79  11:32  Missile Turret  
  79  11:39  Orbital Command  
  79  11:50  Missile Turret  
  79  11:51  Battlecruiser  
  85  12:12  SCV  
  86  12:25  Starport  
  86  12:31  Supply Depot  
  86  12:41  Missile Turret  
  86  12:47  Command Center  
  86  12:50  SCV  
  87  12:59  Battlecruiser  
  87  13:02  Terran Ship Weapons Level 2  
  87  13:03  SCV  
  94  13:07  Starport Tech Lab  
  94  13:14  Missile Turret  
  94  13:20  Missile Turret  
  94  13:44  Battlecruiser  
  100  14:02  Refinery  
  100  14:06  Battlecruiser  
  106  14:10  Weapon Refit  
  106  14:29  SCV, Refinery  
  107  14:41  SCV  
  107  14:42  Missile Turret  
  108  14:48  Battlecruiser  
  114  14:53  SCV  
  115  15:03  Missile Turret  
  115  15:07  Missile Turret  
  115  15:18  Refinery  
  115  15:19  Terran Ship Weapons Level 3  
  115  15:21  Advanced Ballistics  
  115  15:28  SCV  
  116  15:40  SCV  
  117  15:49  Starport  
  117  15:54  Battlecruiser  
  123  16:01  Supply Depot  
  123  16:09  Orbital Command  
  123  16:18  Behemoth Reactor  
  123  16:24  Supply Depot  
  123  16:34  Missile Turret  
  123  16:45  Starport Tech Lab  
  123  16:46  Supply Depot  
  123  16:47  Battlecruiser  
  125  17:51  Battlecruiser x2  
  125  17:56  Terran Vehicle And Ship Armor Level 1  
  137  17:59  Missile Turret  
  137  18:03  Starport  
  137  18:08  Supply Depot  
  137  18:17  SCV  
  138  18:29  SCV  
  138  18:31  Supply Depot  
  139  18:34  Missile Turret  
  139  18:41  Battlecruiser  
  145  18:48  Hi-Sec Auto Tracking  
  145  18:53  Supply Depot  
  145  18:55  Missile Turret  
  145  19:04  Missile Turret  
  145  19:16  Supply Depot  
  140  19:26  Missile Turret x2  
  137  19:39  Battlecruiser x2  
  149  19:48  Missile Turret  
  149  21:03  Battlecruiser  
  143  21:32  Battlecruiser  
  149  22:06  Battlecruiser  
  100  25:38  Orbital Command  
  100  26:49  Command Center  
  72  28:32  Supply Depot  
  72  28:34  Supply Depot  
  72  28:35  Supply Depot  
  72  28:38  Refinery  
  72  28:40  Refinery  
  72  28:57  Supply Depot  
  72  28:58  Supply Depot  
  72  29:03  Supply Depot  
  72  29:53  Barracks  
  72  29:56  SCV  
  72  29:59  Engineering Bay  
  73  30:01  SCV  
  74  30:08  SCV, Refinery  
  74  30:13  SCV  
  76  30:20  SCV  
  77  30:25  SCV  
  78  30:32  SCV  
  78  30:34  Refinery  
  79  30:37  SCV  
  80  30:45  SCV  
  80  30:49  SCV  
Show
View Real Time Build Order
Export as new Build Order

SirJames Terran 

Build Orders: MMM Bio 

Get SALT Encoding   

  12  0:01  SCV  
  13  0:17  Supply Depot, SCV  
  14  0:31  SCV  
  15  0:40  Refinery  
  15  0:44  Barracks  
  15  0:47  SCV  
  16  1:02  SCV  
  17  1:20  SCV  
  18  1:35  Marine  
  18  1:36  Barracks  
  19  1:43  Orbital Command  
  19  1:53  Marine  
  20  1:55  Factory  
  20  2:23  SCV  
  20  2:25  Marine  
  20  2:26  Marine  
  23  2:33  Refinery  
  23  2:56  Supply Depot, Barracks Tech Lab  
  23  2:57  Barracks Reactor  
  23  3:00  Starport  
  23  3:11  Engineering Bay  
  23  3:18  Widow Mine, SCV  
  26  3:25  Stimpack  
  26  3:29  Marine  
  26  3:30  SCV  
  28  3:52  Medivac  
  28  3:54  Marine  
  31  4:06  Supply Depot  
  31  4:27  Marine x3  
  34  4:45  Marine x3  
  37  4:48  Terran Infantry Weapons Level 1, Command Center  
  37  4:51  Widow Mine, Supply Depot  
  39  5:18  Supply Depot  
  39  5:25  Combat Shields  
  37  5:36  Marine x3  
  40  5:48  Medivac  
  40  5:49  Factory Tech Lab  
  42  5:52  SCV  
  42  5:54  Marine x3  
  46  6:04  SCV  
  47  6:13  SCV  
  47  6:16  SCV  
  49  6:23  Marine x2  
  49  6:24  Marine  
  52  6:26  SCV  
  52  6:28  SCV  
  54  6:38  SCV  
  55  6:41  Marine  
  55  6:45  SCV  
  55  6:46  Marine x2  
  59  6:50  SCV  
  60  6:59  Marine  
  61  7:04  Marine x2  
  63  7:16  Marine  
  63  7:21  Marine  
  63  7:22  Marine  
  66  7:33  Barracks  
  66  7:34  Marine  
  67  7:39  Marine x2  
  67  7:42  Command Center  
  69  7:48  Command Center  
  68  8:22  Barracks  
  58  8:36  Barracks Reactor  
  58  8:37  Marine x3  
  58  8:40  Starport Tech Lab  
  61  8:50  Starport x2  
  61  8:54  Armory  
  61  8:55  Marine x3  
  62  8:56  Engineering Bay  
  62  8:57  Terran Infantry Armor Level 1  
  62  9:00  Orbital Command  
  62  9:01  Orbital Command  
  62  9:02  Orbital Command  
  64  9:12  Marine  
  64  9:13  Marine x2  
  64  9:15  Marine x3  
  70  9:30  Marine  
  70  9:31  Marine x2, Starport Tech Lab  
  73  9:32  Starport Tech Lab, Marine  
  73  9:33  Marine x2, Banshee  
  73  9:34  Cloaking Field  
  77  9:49  Marine  
  78  9:53  SCV x3  
  78  9:54  SCV  
  82  10:01  Refinery x2  
  82  10:05  SCV x3, Banshee  
  82  10:06  SCV, Banshee  
  92  10:17  SCV  
  93  10:30  Barracks Reactor  
  93  10:43  Terran Infantry Weapons Level 2  
  93  10:50  Banshee  
  93  10:51  Banshee  
  99  11:05  Missile Turret  
  99  11:06  Missile Turret  
  99  11:08  Supply Depot x2, Missile Turret  
  99  11:10  Supply Depot  
  99  11:12  Supply Depot  
  99  11:13  Supply Depot  
  99  11:14  Supply Depot, Missile Turret  
  99  11:16  Missile Turret x2  
  99  11:29  Banshee  
  102  11:38  Missile Turret  
  102  11:49  SCV x2  
  102  11:50  Factory  
  104  11:54  Factory  
  104  12:13  Thor  
  110  12:16  Marine  
  110  12:17  Marine x6  
  110  12:19  Terran Infantry Armor Level 2  
  117  12:23  Banshee x2  
  117  12:24  Banshee  
  126  12:34  Marine  
  126  12:35  Marine x6  
  133  12:52  Marine  
  133  12:53  Marine x6  
  140  13:05  Factory Tech Lab x2  
  140  13:10  Marine x2, Thor  
  148  13:18  Supply Depot x2  
  148  13:19  Supply Depot  
  148  13:20  Supply Depot x2  
  148  13:24  Supply Depot  
  148  13:39  Marine x6, SCV x2  
  148  13:40  SCV  
  157  13:42  Refinery  
  157  13:43  Refinery  
  157  13:49  Refinery  
  157  13:50  Refinery  
  157  13:53  Thor  
  163  13:57  Marine x2  
  161  14:14  Banshee x2  
  161  14:15  Banshee  
  170  14:42  Marine x7  
  177  14:57  Banshee x2  
  177  14:59  Marine  
  183  15:00  Marine x6, Terran Infantry Weapons Level 3  
  183  15:06  Terran Infantry Armor Level 3  
  190  15:12  Thor  
  196  15:26  Supply Depot  
  196  15:47  Marine x4  
  200  15:50  Supply Depot  
  200  16:13  Supply Depot  
  200  16:33  Armory  
  200  16:37  Armory  
  200  16:40  Supply Depot  
  200  16:41  Terran Vehicle Weapons Level 1  
  200  17:04  Supply Depot  
  200  17:33  Marine x2  
  200  18:41  Refinery  
  200  18:53  Command Center  
  200  18:55  Terran Vehicle Weapons Level 2  
  200  19:04  Terran Vehicle And Ship Armor Level 1  
  200  19:05  Terran Ship Weapons Level 1  
  200  20:11  Refinery  
  200  20:17  Marine  
  187  21:30  Thor x2  
  199  21:33  Marine  
  191  22:42  Marine  
  191  22:43  Marine  
  107  23:19  Barracks x2  
  107  23:20  Barracks x3  
  107  23:23  Barracks  
  107  23:27  Engineering Bay  
  85  24:08  Missile Turret  
  85  24:09  Missile Turret x2  
  85  24:10  Missile Turret  
  85  24:11  Missile Turret  
  85  24:13  Missile Turret x2  
  85  24:14  Barracks Reactor x2  
  85  24:15  Missile Turret, Barracks Reactor x3  
  61  24:56  Marine  
  61  24:57  Marine x10  
  72  25:01  Orbital Command  
  55  25:14  Marine x7  
  55  25:15  Marine x4  
  50  25:32  Marine x7  
  56  26:18  Marine  
  56  26:19  Marine x10  
  67  26:50  Supply Depot x2  
  43  27:40  Orbital Command  
  15  28:26  Marine  
  18  28:44  Marine  
  17  29:01  Marine  
  18  29:09  Command Center  
  18  29:19  Command Center  
  17  29:25  Marine x3  
  10  29:42  Marine  
  10  29:43  Marine x2  
  13  30:01  Marine  
Tags
 
Composition
MMM Bio
Matchup
TvT
Race
Terran
Add a new tag
Caveats
  • Supply blocks, unpowered buildings, or Contaminate may cause inaccurate times.
  • Supply counts are checked every 10 seconds.